 Dungeon Crawl Stone Soup version 0.20-a0-1078-g4874019 (webtiles) character file.

32811 theAP the Bludgeoner (level 13, 0/90 HPs)
             Began as a Gargoyle Fighter on Apr 30, 2017.
             Was an Initiate of Gozag.
             Killed from afar by Azrael (2 damage)
             ... with a fireball
             ... on level 15 of the Dungeon.
             The game lasted 00:31:56 (13571 turns).

theAP the Bludgeoner (Gargoyle Fighter)            Turns: 13571, Time: 00:31:58

Health: 0/90       AC: 24    Str: 27    XL:     13   Next: 66%
Magic:  13/13      EV:  6    Int:  9    God:    Gozag
Gold:   2221       SH: 14    Dex: 13    Spells: 12/12 levels left

rFire    + . .     SeeInvis .   Z - +8 demon whip (venom)
rCold    + + .     Gourm    .   c - +1 shield
rNeg     + . .     Faith    .   F - +3 plate armour
rPois    ∞         Spirit   .   (no helmet)
rElec    +         Reflect  +   X - scarf {rC+ rF+}
rCorr    .         Harm     .   R - +0 pair of gloves (curse)
MR       .....                  (no boots)
Stlth    ..........             p - +3 amulet of reflection
Regen    0.3/turn               Q - ring of protection from cold
MPRegen  0.2/turn               I - +4 ring of dexterity

@: gold aura, studying Necromancy
A: repulsion field 1, negative energy resistance 1, screaming 1, electricity
resistance, strong 1, unbreathing, petrification resistance, rot immunity, AC +9
a: Potion Petition, Call Merchant, Bribe Branch, Renounce Religion


You were on level 15 of the Dungeon.
You worshipped Gozag.
Gozag was most pleased with you.
You were not hungry.

You visited 2 branches of the dungeon, and saw 16 of its levels.
You visited 1 bazaar.
You also visited: Bailey.

You collected 3726 gold pieces.
You spent 1445 gold pieces at shops.
You paid 60 gold pieces to Gozag.

Inventory:

Hand Weapons
 a - a +0 flail
 q - a +4 whip
 s - a +3 whip of electrocution
 K - the +6 eveningstar "Dimusinext" {crush, MR+ Str+4 Dex+4}
   (You acquired it in a bailey)

   It inflicts extra damage upon your enemies.
   It affects your strength (+4).
   It affects your dexterity (+4).
   It affects your resistance to hostile enchantments.
 Z - a +8 demon whip of venom (weapon)
Armour
 b - a +0 scale mail
 c - a +1 shield (worn)
 v - a +0 chain mail
 F - a +3 plate armour (worn)
 H - a scarf of cold resistance
 R - a cursed +0 pair of gloves (worn)
 X - a scarf of resistance (worn)
Jewellery
 p - a +3 amulet of reflection (around neck)
 r - an uncursed amulet of inaccuracy
 w - an uncursed ring of magical power
 y - an uncursed amulet of the gourmand
 I - a +4 ring of dexterity (right hand)
 Q - a ring of protection from cold (left hand)
Wands
 m - a wand of disintegration (9/24)
 D - a wand of lightning (10/15)
 E - a wand of polymorph (17/24)
 N - a wand of flame (36/48)
 P - a wand of confusion (42/48)
 T - a wand of digging (10/24)
 W - a wand of confusion (37/48)
Scrolls
 e - 3 scrolls of recharging
 i - a scroll of magic mapping
 j - 9 scrolls of teleportation
 l - 2 scrolls of random uselessness
 n - 3 scrolls of enchant armour
 t - 2 scrolls of acquirement
 z - 3 scrolls of identify
 G - 2 scrolls of amnesia
 S - 2 scrolls of remove curse
Potions
 d - 3 potions of degeneration
 h - a potion of invisibility
 k - 2 potions of lignification
 o - a potion of berserk rage {unknown}
 x - 6 potions of flight
 A - a potion of resistance
 B - 2 potions of cancellation
 C - 4 potions of brilliance
 J - 2 potions of curing
 L - a potion of might
Books
 M - a book of the Earth

   Spells                             Type                      Level
   a - Leda's Liquefaction            Hexes/Earth                  4
   b - Bolt of Magma                  Conjuration/Fire/Earth       5
   c - Statue Form                    Transmutation/Earth          6
   d - Iron Shot                      Conjuration/Earth            6
   e - Shatter                        Earth                        9
 O - a book of Cantrips

   Spells                             Type                      Level
   a - Confusing Touch                Hexes                        1
   b - Animate Skeleton               Necromancy                   1
   c - Summon Small Mammal            Summoning                    1
   d - Apportation                    Translocation                1
 U - a book of Fire

   Spells                             Type                      Level
   a - Ignite Poison                  Fire/Transmutation/Poison    3
   b - Fireball                       Conjuration/Fire             5
   c - Bolt of Fire                   Conjuration/Fire             6
   d - Ring of Flames                 Charms/Fire                  7
   e - Ignition                       Fire                         8
 V - a book of Minor Magic

   Spells                             Type                      Level
   a - Magic Dart                     Conjuration                  1
   b - Blink                          Translocation                2
   c - Call Imp                       Summoning                    2
   d - Slow                           Hexes                        2
   e - Conjure Flame                  Conjuration/Fire             3
   f - Mephitic Cloud                 Conjuration/Poison/Air       3
 Y - a manual of Necromancy
Comestibles
 f - 6 bread rations
 g - 4 meat rations


   Skills:
 + Level 14.1 Fighting
 * Level 17.7 Maces & Flails
 - Level 3.2 Armour
 - Level 3.2 Shields


You had 12 spell levels left.
You didn't know any spells.

Dungeon Overview and Level Annotations

Branches:
Dungeon (15/15)            Temple (1/1) D:4            Lair (0/6) D:8
    Orc (0/2) D:12         Vaults (0/5) D:13         Depths (0/5) D:15

Altars:
Ashenzari
Dithmenos
Elyvilon
Fedhas
Gozag
Hepliaklqana
Kikubaaqudgha
Makhleb
Nemelex Xobeh
Okawaru
Ru
Sif Muna
Uskayaw
Vehumet
Wu Jian
Xom
Zin
The Shining One

Shops:
D:14 [

Annotations:
D:15 Azrael


Innate Abilities, Weirdness & Mutations

You are resistant to torment.
Your stone body is resilient. (AC +9)
You are immune to poison.
You resist negative energy. (rN+)
You are resistant to electric shocks. (rElec)
You can survive without breathing.
You are immune to petrification.
You are immune to rotting.
You are surrounded by a mild repulsion field. (EV +2)
You occasionally shout uncontrollably at your foes.
Your muscles are strong. (Str +2)


Message History

The sphere of damnation explodes!
The damnation engulfs you!
* * * LOW HITPOINT WARNING * * *
The damnation engulfs Azrael.
Azrael completely resists.
You feel better.
The fire elemental is no longer distracted by gold.
The hell hound breathes flames at you.
The blast of flame hits Azrael.
Azrael completely resists.
The blast of flame hits you! You resist.
* * * LOW HITPOINT WARNING * * *
The green ugly thing is engulfed in blazing flames. x2
The green ugly thing dies!
Azrael blows smoke rings.
You block Azrael's attack. Azrael gestures at you. The bolt of fire hits you!
You resist.
* * * LOW HITPOINT WARNING * * *
Azrael gestures at you.
The fireball explodes!
The fireball engulfs you! You resist.
You die...
Your body crumbles into a pile of gold.

########## ######### #.....<.§#
#.......# #.....(§§# #.......#
#......Eh###.......#
##....(..uER........#
##.∩§....E§###.......#
...§...##E## #.......#
§.§.§E§##.# *#..@.[..#
#§§§...##.#*#.###.####
§§...(.##..##.,**.# *******
.......###.##.,,,.# **,,,,,,
###......#.###*,*.# **,,,,,,,
####.......##**,*##*** *,,,,,,,,
......_......,,,,,,,,** *,,,,,,,,
#.........(.(,,,,,**,,***,,,,,,,,
...........##*,,,,,**,,,,,,,,,,,,


You could see Azrael.

Vanquished Creatures
  Nessos (D:13)
  8 vault guards (D:13)
  4 two-headed ogres
  4 skeletal warriors (D:12)
  2 unseen horrors
  Pikel (D:5)
  3 ugly things
  A wolf spider zombie (D:12)
  A cyclops (D:12)
  A manticore (D:12)
  Joseph (D:7)
  An elephant (D:8)
  2 efreet
  3 yaktaurs (D:15)
  A komodo dragon (D:13)
  4 trolls
  2 red devils (D:10)
  A queen bee (D:8)
  2 hornets
  4 hippogriffs
  Sigmund (D:3)
  Eustachio (D:5)
  17 yaks
  2 wraiths
  A vampire (D:12)
  A hungry ghost (D:12)
  3 vampire mosquitoes (D:13)
  The ghost of Wiebster667 the Cutter, an amateur OpEE (D:3)
  An acid dragon (D:6)
  2 water moccasins
  7 ice beasts
  3 sky beasts
  A slave (D:5)
  13 orc warriors
  3 black bears
  3 phantoms
  5 boggarts (D:14)
  4 ogres
  3 centaurs
  2 crocodiles (D:8)
  Blork the orc (D:5)
  3 big kobolds
  10 bullfrogs
  3 wyvern skeletons
  4 scorpions
  5 wights (D:6)
  30 killer bees
  4 howler monkeys
  5 crimson imps
  6 hounds
  2 centaur zombies
  2 jellies
  7 orc priests
  5 iguanas
  Terence (D:3)
  15 worker ants
  11 orc wizards
  2 hound skeletons
  A howler monkey skeleton (D:4)
  18 adders
  A gnoll (D:4)
  A shadow imp (D:5)
  2 oozes
  An adder skeleton (D:4)
  2 worms
  4 dart slugs (D:1)
  7 leopard geckos
  74 orcs
  5 bats
  6 giant cockroaches
  9 goblins
  8 hobgoblins
  13 jackals
  25 kobolds
  9 quokkas
  8 frilled lizards
  2 quokka skeletons (D:4)
  9 rats
442 creatures vanquished.

Vanquished Creatures (others)
  An ugly thing (D:15)
  A yaktaur (D:15)
  A slave (D:5)
  A jelly (D:11)
4 creatures vanquished.

Grand Total: 446 creatures vanquished

Notes
Turn   | Place    | Note
-------+----------+-------------------------------------------
     0 | D:1      | theAP the Gargoyle Fighter began the quest for the Orb.
     0 | D:1      | Reached XP level 1. HP: 14/14 MP: 1/1
    70 | D:1      | Reached XP level 2. HP: 19/19 MP: 2/2
   208 | D:1      | Reached XP level 3. HP: 16/24 MP: 3/3
   252 | D:1      | Reached skill level 3 in Maces & Flails
  1157 | D:2      | Reached XP level 4. HP: 15/29 MP: 4/4
  1414 | D:2      | Found a shimmering altar of Xom.
  1621 | D:2      | Reached skill level 4 in Maces & Flails
  1741 | D:3      | Noticed Wiebster667's ghost (amateur OpEE)
  1752 | D:3      | Killed Wiebster667's ghost
  1752 | D:3      | Reached skill level 5 in Maces & Flails
  1752 | D:3      | Reached XP level 5. HP: 20/34 MP: 5/5
  1752 | D:3      | Reached XP level 6. HP: 24/40 MP: 6/6
  1842 | D:3      | Noticed Sigmund
  1850 | D:3      | Killed Sigmund
  1850 | D:3      | Reached skill level 5 in Fighting
  1922 | D:3      | Reached skill level 6 in Maces & Flails
  2278 | D:3      | Found a sacrificial altar of Ru.
  2348 | D:3      | Noticed Terence
  2356 | D:3      | Killed Terence
  2356 | D:3      | Reached XP level 7. HP: 38/44 MP: 7/7
  2654 | D:4      | Found a staircase to the Ecumenical Temple.
  2690 | Temple   | Entered the Ecumenical Temple
  2746 | Temple   | Became a worshipper of Gozag Ym Sagoz the Greedy
  2858 | D:4      | Reached skill level 7 in Maces & Flails
  3143 | D:4      | Reached XP level 8. HP: 45/51 MP: 8/8
  3538 | D:5      | Entered Level 5 of the Dungeon
  3563 | D:5      | Noticed Blork the orc
  3592 | D:5      | Reached skill level 8 in Maces & Flails
  3611 | D:5      | Killed Blork the orc
  4185 | D:5      | Reached skill level 9 in Maces & Flails
  4282 | D:5      | Noticed Pikel
  4310 | D:5      | Killed Pikel
  4310 | D:5      | Reached XP level 9. HP: 59/59 MP: 9/9
  4349 | D:5      | Reached skill level 10 in Maces & Flails
  4351 | D:5      | Noticed Eustachio
  4441 | D:5      | Killed Eustachio
  5235 | D:6      | Reached skill level 11 in Maces & Flails
  5529 | D:6      | Found a hazy altar of Hepliaklqana.
  5690 | D:6      | Found a glowing golden altar of the Shining One.
  5873 | D:7      | Noticed Joseph
  5896 | D:7      | Killed Joseph
  5896 | D:7      | Reached XP level 10. HP: 47/66 MP: 10/10
  6069 | D:7      | Found a flagged portal.
  6119 | Bailey   | Entered a bailey
  6397 | Bailey   | Identified a scroll of acquirement
  6400 | Bailey   | Got a crude eveningstar
  6401 | Bailey   | Identified the +6 eveningstar "Dimusinext" {crush, MR+ Str+4 Dex+4} (You acquired it in a bailey)
  6586 | Bailey   | Noticed an orc knight
  6613 | Bailey   | Noticed an orc knight
  6614 | Bailey   | Noticed an orc knight
  6794 | D:7      | Reached skill level 12 in Maces & Flails
  6845 | D:7      | Found a sparkling altar of Nemelex Xobeh.
  6923 | D:7      | Noticed a two-headed ogre
  6927 | D:7      | Killed a two-headed ogre
  7085 | D:7      | Reached skill level 10 in Fighting
  7441 | D:8      | Found a shadowy altar of Dithmenos.
  7514 | D:8      | Found a staircase to the Lair.
  7515 | D:8      | Noticed an elephant
  7528 | D:8      | Killed an elephant
  7568 | D:8      | Found a shimmering altar of Xom.
  7655 | D:8      | Found a blossoming altar of Fedhas.
  7870 | D:8      | Reached skill level 13 in Maces & Flails
  7884 | D:8      | Reached XP level 11. HP: 49/73 MP: 11/11
  8197 | D:8      | Noticed a two-headed ogre
  8201 | D:8      | Killed a two-headed ogre
  9028 | D:9      | Found an ancient bone altar of Kikubaaqudgha.
  9117 | D:10     | Entered Level 10 of the Dungeon
  9251 | D:10     | Reached skill level 14 in Maces & Flails
  9633 | D:10     | Found an ancient bone altar of Kikubaaqudgha.
  9634 | D:10     | Noticed a hell beast
 10165 | D:11     | Killed an unseen horror
 10598 | D:12     | Reached skill level 15 in Maces & Flails
 10598 | D:12     | Reached XP level 12. HP: 75/81 MP: 12/12
 10790 | D:12     | Found a staircase to the Orcish Mines.
 10911 | D:12     | Found a blossoming altar of Fedhas.
 10917 | D:12     | Gained mutation: You are partially covered in thin metallic scales. (AC +2) [potion of mutation]
 10917 | D:12     | Gained mutation: Your natural rate of healing is unusually fast. [potion of mutation]
 10917 | D:12     | Gained mutation: You possess an exceptional clarity of mind. [potion of mutation]
 10918 | D:12     | Lost mutation: Your natural rate of healing is unusually fast. [potion of mutation]
 10918 | D:12     | Lost mutation: You are partially covered in thin metallic scales. (AC +2) [potion of mutation]
 10918 | D:12     | Lost mutation: You possess an exceptional clarity of mind. [potion of mutation]
 10918 | D:12     | Gained mutation: You have sharp toenails. [potion of mutation]
 10918 | D:12     | Gained mutation: You are resistant to hostile enchantments. (MR+) [potion of mutation]
 10919 | D:12     | Lost mutation: You are resistant to hostile enchantments. (MR+) [potion of mutation]
 10919 | D:12     | Lost mutation: You have sharp toenails. [potion of mutation]
 10919 | D:12     | Gained mutation: Your body sometimes deteriorates upon taking damage. [potion of mutation]
 10919 | D:12     | Gained mutation: Your flesh is cold resistant. (rC+) [potion of mutation]
 10935 | D:12     | Lost mutation: Your flesh is cold resistant. (rC+) [potion of mutation]
 10935 | D:12     | Lost mutation: Your body sometimes deteriorates upon taking damage. [potion of mutation]
 10935 | D:12     | Gained mutation: You occasionally shout uncontrollably at your foes. [potion of mutation]
 10935 | D:12     | Gained mutation: Your muscles are strong. (Str +2) [potion of mutation]
 10935 | D:12     | Gained mutation: You are surrounded by a mild repulsion field. (EV +2) [potion of mutation]
 11235 | D:13     | Reached skill level 16 in Maces & Flails
 11417 | D:13     | Noticed a vault guard
 11420 | D:13     | Noticed a vault guard
 11422 | D:13     | Noticed a vault guard
 11425 | D:13     | Noticed a vault guard
 11426 | D:13     | Killed a vault guard
 11455 | D:13     | Killed a vault guard
 11458 | D:13     | Killed a vault guard
 11458 | D:13     | Reached XP level 13. HP: 51/88 MP: 13/13
 11468 | D:13     | Killed a vault guard
 11500 | D:13     | Noticed a vault guard
 11506 | D:13     | Killed a vault guard
 11521 | D:13     | Found a gate to the Vaults.
 11533 | D:13     | Noticed a vault guard
 11546 | D:13     | Killed a vault guard
 11546 | D:13     | Reached skill level 17 in Maces & Flails
 11552 | D:13     | Noticed a vault guard
 11571 | D:13     | Killed a vault guard
 11705 | D:13     | Noticed Nessos
 11710 | D:13     | Noticed a vault guard
 11718 | D:13     | Killed a vault guard
 11725 | D:13     | Killed Nessos
 12547 | D:14     | Found a glowing silver altar of Zin.
 12744 | D:14     | Found Orreack's Armour Boutique.
 13060 | D:15     | Entered Level 15 of the Dungeon
 13093 | D:15     | Found a shattered altar of Ashenzari.
 13101 | D:15     | Found a flickering gateway to a bazaar.
 13107 | D:15     | Noticed Azrael
 13110 | Bazaar   | Entered a bazaar
 13110 | Bazaar   | Found Milamura's Weapon Boutique.
 13388 | Bazaar   | Found Foskosor's Antique Armour Emporium.
 13404 | Bazaar   | Found Luhugy's General Store.
 13413 | Bazaar   | Found Loseir's Gadget Emporium.
 13414 | Bazaar   | Bought a scroll of enchant weapon for 52 gold pieces
 13428 | Bazaar   | Found Jioschot's Book Shop.
 13443 | Bazaar   | Bought a manual of Necromancy for 993 gold pieces
 13489 | Bazaar   | Bought a +4 demon whip of venom for 400 gold pieces
 13570 | D:15     | HP: 2/90 [Azrael/bolt of fire (4)]
 13571 | D:15     | Killed from afar by Azrael

Vault maps used:
D:1:      sevenhm_arrival_forest_fort_small_6, corexii_hall_statues_l,
          minmay_heptomino_w4
D:2:      nicolae_overflow_crystal_walls, minmay_strange_pillars
D:3:      first_bread, nicolae_ru_awakened_eye, uniq_sigmund, uniq_terence
D:4:      minmay_temple_entry_steel_oval, grunt_ministairs_14,
          cheibrodos_gnoll_hut
D:5:      kennysheep_generic_room_6, uniq_eustachio, uniq_blork_the_orc,
          uniq_pikel
D:6:      tso_altar, kennysheep_mini_moat, minmay_door_square,
          minmay_curled_crystal
D:7:      lemuel_coloured_pillars_altar, enter_bailey_2, uniq_joseph
D:8:      overflow_temple_1_default, david_lair_generic, basic_altar,
          david_nohive_1, lemuel_tele_altar
D:9:      basic_altar
D:10:     lemuel_hellish_altar
D:12:     erik_orc_3, basic_altar
D:13:     erik_vaults_2, uniq_nessos
D:14:     basic_altar, minmay_misc_feat_rows, serial_shops, shop
D:15:     grunt_enter_depths_snipers, basic_altar,
          roderic_lattice_octagonal_star, serial_shops, bzr_entry_dummy,
          uniq_azrael
Temple:   minmay_crystal_spiral_temple
Bazaar:   bazaar_kb_twisted_cavern
Bailey:   bailey_polearm_5, bailey

Skill      XL: |  1  2  3  4  5  6  7  8  9 10 11 12 13 |
---------------+----------------------------------------+-----
Maces & Flails | 3 5 6 7 9 11 13 15 16 17 | 17.7
Fighting       | 4 5 6 8 9 10 11 13 14 | 14.1
Armour         | |  3.2
Shields        | |  3.2

Action                   |  1- 3 |  4- 6 |  7- 9 | 10-12 | 13-15 || total
-------------------------+-------+-------+-------+-------+-------++-------
Melee: Flail             |    62 |       |       |       |       ||    62
       Whip              |    36 |   130 |   584 |   128 |       ||   878
       Eveningstar       |       |       |       |   669 |   124 ||   793
       Demon whip        |       |       |       |       |    17 ||    17
  Use: Scroll            |     1 |       |    13 |    15 |     5 ||    34
       Potion            |       |     1 |     2 |    21 |     1 ||    25
 Stab: Distracted        |       |       |     3 |     6 |       ||     9
  Eat: Chunk             |       |     5 |     6 |       |       ||    11
       Fruit             |       |       |     2 |     1 |       ||     3
       Bread ration      |       |       |     1 |       |       ||     1
       Royal jelly       |       |       |     2 |    10 |     2 ||    14
       Meat ration       |       |       |       |       |     1 ||     1
Armor: Scale mail        |    45 |       |       |       |       ||    45
       Chain mail        |       |    72 |   181 |       |       ||   253
       Plate armour      |       |       |    63 |   463 |    50 ||   576
       Skin              |       |       |     1 |    50 |       ||    51
Dodge: Dodged            |    22 |    27 |    78 |   141 |    15 ||   283
Block: Shield            |    50 |    59 |   219 |   505 |    77 ||   910
       Reflection        |       |       |       |       |    12 ||    12
